 Dungeon Crawl Stone Soup version 0.27.1-4-g1640c2035a (webtiles) character file.

Game seed: 9245502024534942744

62 raph the Digger (level 3, -1/19 HPs)
             Began as a Deep Elf Earth Elementalist on Nov 16, 2021.
             Slain by an orc (3 damage)
             ... on level 3 of the Dungeon.
             The game lasted 00:03:08 (1969 turns).

raph the Digger (Deep Elf Earth Elementalist)       Turns: 1969, Time: 00:03:09

Health: -1/19      AC:  2    Str:  5    XL:     3   Next: 85%
Magic:  0/9        EV: 12    Int: 20    God:
Gold:   115        SH:  4    Dex: 15    Spells: 2/8 levels left

rFire    . . .     SeeInvis .   j - +0 dagger (holy)
rCold    . . .     Faith    .   i - +0 buckler
rNeg     . . .     Spirit   .   b - +0 robe
rPois    .         Reflect  .   (no helmet)
rElec    .         Harm     .   (no cloak)
rCorr    .         Rampage  .   (no gloves)
Will     .....                  (no boots)
Stlth    ++........             (no amulet)
HPRegen  0.06/turn              (no ring)
MPRegen  0.11/turn              (no ring)

@: no status effects
A: no striking features
a: no special abilities


You were on level 3 of the Dungeon.
You visited 1 branch of the dungeon, and saw 3 of its levels.

You collected 115 gold pieces.

Inventory:

Hand Weapons
 a - a +0 dagger
 j - a +0 dagger of holy wrath (weapon)
Missiles
 c - 56 stones
 f - 18 poisoned darts
 m - a throwing net
Armour
 b - a +0 robe (worn)
 i - a +0 buckler (worn)
Scrolls
 g - 2 scrolls of brand weapon {unknown}
 k - a scroll of amnesia {unknown}
 n - a scroll of identify {unknown}
 o - a scroll of teleportation {unknown}
Potions
 d - a potion of heal wounds {unknown}
 e - a potion of flight {unknown}
 h - a potion of haste {unknown}
 l - a potion of attraction {unknown}


   Skills:
 - Level 2.4 Dodging
 - Level 2.4 Stealth
 * Level 0.9 Shields
 - Level 3.0 Spellcasting
 + Level 1.0 Conjurations
 - Level 1.1 Transmutations
 + Level 4.8 Earth Magic


You had 2 spell levels left.
You knew the following spells:

 Your Spells              Type           Power      Damage    Failure   Level
a - Sandblast             Erth           44%        2d11      2%          1
b - Passwall              Tmut/Erth      11%        N/A       10%         2
c - Stone Arrow           Conj/Erth      28%        3d8       19%         3

Your spell library contained the following spells:

 Spells                   Type           Power      Damage    Failure   Level
 Portal Projectile        Hex/Tloc       6%         N/A       52%         3
 Petrify                  Tmut/Erth      14%        N/A       52%         4
 Blade Hands              Tmut           3%         N/A       98%         5
 Excruciating Wounds      Necr           1%         N/A       99%         5


Dungeon Overview and Level Annotations

Branches:
Dungeon (3/15)

Altars:


Message History

Aim: an orc, wielding a +0 dagger and wearing a +0 chain mail (86% to hit)
The blast of sand hits the orc but does no damage.
Your magical contamination has completely faded away.
Aiming: Sandblast (safe; 2% risk of failure)
Press: ? - help, Q - select action, (/) - cycle Shift-Dir - straight line, f/p - orc
Aim: an orc, wielding a +0 dagger and wearing a +0 chain mail (86% to hit)
The blast of sand hits the orc.
The orc is severely wounded.
The orc closely misses you. The orc hits you with a +0 dagger.
You barely miss the orc.
The orc is heavily wounded.
The orc hits you with a +0 dagger.
* * * LOW HITPOINT WARNING * * *
Aiming: Sandblast (safe; 2% risk of failure)
Press: ? - help, Q - select action, (/) - cycle Shift-Dir - straight line, f/p - orc
Aim: an orc, wielding a +0 dagger and wearing a +0 chain mail (heavily wounded, 86% to hit)
The blast of sand hits the orc but does no damage.
The orc is heavily wounded.
The orc hits you with a +0 dagger.
* * * LOW HITPOINT WARNING * * *
Aiming: Sandblast (safe; 2% risk of failure)
Press: ? - help, Q - select action, (/) - cycle Shift-Dir - straight line, f/p - orc
Aim: an orc, wielding a +0 dagger and wearing a +0 chain mail (lightly wounded, 86% to hit)
The blast of sand hits the orc but does no damage.
The orc is lightly wounded.
The orc hits you with a +0 dagger.
* * * LOW HITPOINT WARNING * * *
Aiming: Sandblast (safe; 2% risk of failure)
Press: ? - help, Q - select action, (/) - cycle Shift-Dir - straight line, f/p - orc
Aim: an orc, wielding a +0 dagger and wearing a +0 chain mail (lightly wounded, 86% to hit)
The blast of sand hits the orc but does no damage.
The orc is lightly wounded.
The orc misses you.
Aiming: Sandblast (safe; 2% risk of failure)
Press: ? - help, Q - select action, (/) - cycle Shift-Dir - straight line, f/p - orc
Aim: an orc, wielding a +0 dagger and wearing a +0 chain mail (86% to hit)
The blast of sand hits the orc but does no damage.
The orc hits you with a +0 dagger.
You die...

#.# ########## #.#
#<.......#######.###
#.######.##.........
#.# #............
#.# #..#.########
#.# #..#.#
####.######...#.#
#.....@o.....###..
#.####.###....# #.#
#.# #.# #...#.# .#
#.# #.# #.....# #
#.# #.# ##...... #.#
#.# ...#### #)# #.#
#### #.# #.# #)# #..


You could see an orc.

Vanquished Creatures
  An orc wizard (D:3)
  2 dart slugs (D:1)
  An orc (D:3)
  2 ball pythons (D:1)
  3 endoplasms
  3 goblins
  A hobgoblin (D:1)
  6 kobolds
  2 quokkas (D:1)
  7 bats
  3 frilled lizards (D:1)
31 creatures vanquished.

Notes
Turn   | Place    | Note
-------+----------+-------------------------------------------
     0 | D:1      | raph the Deep Elf Earth Elementalist began the quest for
                  | the Orb.
     0 | D:1      | Reached XP level 1. HP: 10/10 MP: 6/6
   199 | D:1      | Reached XP level 2. HP: 14/15 MP: 4/8
   204 | D:1      | Learned a level 2 spell: Passwall
   245 | D:1      | Reached skill level 4 in Earth Magic
   744 | D:1      | Found a faded altar of an unknown god.
  1078 | D:2      | Reached XP level 3. HP: 19/19 MP: 9/9
  1082 | D:2      | Learned a level 3 spell: Stone Arrow
  1911 | D:3      | Reached skill level 1 in Conjurations
  1969 | D:3      | Slain by an orc

Illustrated notes

Levels and vault maps discovered:
D:1:      dpeg_arrival_orchard, layout_basic, ebering_ecumenical_altar_petrified
D:2:      layout_basic
D:3:      layout_loops_ring, grunt_temple_overflow_diamond

Skill      XL: |  1  2  3 |
---------------+----------+-----
Earth Magic    | 4 |  4.8
Conjurations   | 1 |  1.0
Dodging        | |  2.4
Stealth        | |  2.4
Shields        | |  0.9
Spellcasting   | |  3.0
Transmutations | |  1.1

Action                   || total
-------------------------++-------
Melee: Dagger            ||    67
 Cast: Sandblast         ||    25
       Stone Arrow       ||     5
 Stab: Sleeping          ||     1
Armor: Robe              ||    49
Dodge: Dodged            ||    69
Block: Buckler           ||     5
